AoeStats
← thomg42

Arabia

510074346Analyzed
1v1 RM · 3d ago on Sep 29, 2026· 26m 41s· 2 players
Game mode
Random Map
Map size
Tiny (2 player)
Population
200
Speed
Normal
Resources
Standard
Victory
Conquest
Starting age
Dark Age
Ending age
Imperial Age
RankedLock teamsTeams togetherTeam positionsShared explorationLock speedFull tech treeHidden civsTurbo modeCheats
Victory
Defeat
🇯🇵 Danes · Japan
888
+18
🇫🇷 Persians · France
925
-18
SlowlyGamingDad
8:01 Loom
10:19 Feudal Age
10:37 Man-at-Arms
14:48 Town Watch
15:06 Fletching
20:51 Castle Age
19:35 Double-Bit Axe
19:32 Horse Collar
20:11 Gold Mining
21:04 Padded Archer Armor
22:24 Bloodlines
22:12 Bodkin Arrow
23:51 Leather Archer Armor
26:55 Wheelbarrow
thomg42
10:05 Feudal Age
10:46 Horse Collar
10:54 Double-Bit Axe
13:51 Loom
19:15 Wheelbarrow
20:49 Castle Age
20:09 Fletching
20:20 Padded Archer Armor
20:30 Forging
21:53 Stone Mining
21:55 Crossbowman
23:10 Leather Archer Armor
26:25 Bodkin Arrow
27:05 Iron Casting
26:40 Thumb Ring
Connection lost

Rejoining the realm…

Still unreachable

The connection could not be restored.

Session expired

The server has moved on; the page needs a fresh start.